 Dungeon Crawl Stone Soup version 0.24.1-14-gf8d2b509d9 (webtiles) character file.

Game seed: 508561463333836992, levelgen mode: deterministic

19982 Froggeryz the Covert (level 12, 0/88 HPs)
             Began as an Octopode Assassin on Nov 5, 2022.
             Was an Initiate of Gozag.
             Slain by a centaur (8 damage)
             ... on level 13 of the Dungeon.
             The game lasted 00:24:58 (16229 turns).

Froggeryz the Covert (Octopode Assassin)           Turns: 16229, Time: 00:24:59

Health: 0/88       AC:  3    Str: 20    XL:     12   Next: 74%
Magic:  28/28      EV: 26    Int: 15    God:    Gozag
Gold:   812        SH:  6    Dex: 21    Spells: 15/20 levels left

rFire    + . .     SeeInvis .   f - +6 dagger "Ultimatum" {chaos, rElec rC+ rN+ MP+9}
rCold    + + .     Gourm    .   j - +0 buckler
rNeg     + + .     Faith    .   J - +2 hat {MR+}
rPois    .         Spirit   .   p - amulet of regeneration
rElec    +         Reflect  .   I - ring of protection from cold
rCorr    .         Harm     .   H - ring of stealth
MR       +....                  v - ring "Odulo" {rF+ rN+ Str+4}
Stlth    ++++++++..             (no ring)
HPRegen  0.64/turn              (no ring)
MPRegen  0.21/turn              (no ring)
                                (no ring)
                                (no ring)

@: mighty, agile, gold aura, studying Short Blades
A: almost no armour, stealthy swim, amphibious, 8 rings, constrict 8, camouflage
1, gelatinous body 1
a: Potion Petition, Call Merchant, Bribe Branch, Renounce Religion


You were on level 13 of the Dungeon.
You worshipped Gozag.
Gozag was pleased with you.
You were not hungry.

You visited 2 branches of the dungeon, and saw 14 of its levels.
You also visited: Ossuary and Bailey.

You collected 3606 gold pieces.
You spent 545 gold pieces at shops.
You paid 2249 gold pieces to Gozag.

Inventory:

Hand Weapons
 f - the +6 dagger "Ultimatum" (weapon) {chaos, rElec rC+ rN+ MP+9}
   (You bought it in a shop on level 8 of the Dungeon)

   Each time it hits an enemy it has a different, random effect.
   It protects you from cold.
   It insulates you from electricity.
   It protects you from negative energy.
   It affects your magic capacity (+9).
 s - the +7 dagger of Godghaaca {pierce, rF+ MP+9 Int-2}
   (You bought it in a shop on level 4 of the Dungeon)

   It inflicts extra damage upon your enemies.
   It affects your intelligence (-2).
   It protects you from fire.
   It affects your magic capacity (+9).
Missiles
 b - 62 poisoned darts (quivered)
 c - 6 curare-tipped darts
 w - 46 boomerangs
 C - 6 atropa-tipped darts
Armour
 j - a +0 buckler (worn)
 J - a +2 hat of magic resistance (worn)
Jewellery
 o - an uncursed ring of fire
 p - an amulet of regeneration (around mantle)
 v - the ring "Odulo" (on tentacle) {rF+ rN+ Str+4}
   (You found it on level 10 of the Dungeon)

   [ring of positive energy]

   It affects your strength (+4).
   It protects you from fire.
   It protects you from negative energy.
 H - a ring of stealth (right tentacle)
 I - a ring of protection from cold (left tentacle)
 K - a cursed -3 ring of strength {unknown}
 N - the amulet of Fidd {Fragile +Rage rC+ Int+2, unknown}
   (You bought it in a shop on level 11 of the Dungeon)

   [amulet of rage]

   It affects your intelligence (+2).
   It protects you from cold.
   It lets you go berserk.
   It will be destroyed if unequipped.
Wands
 q - a wand of random effects (9)
 A - a wand of flame (18)
Scrolls
 a - a scroll of magic mapping
 i - 6 scrolls of remove curse
 k - 4 scrolls of teleportation
 r - 2 scrolls of enchant weapon
 t - 3 scrolls of amnesia
 D - a scroll of holy word
 M - a scroll of fog
 O - a scroll of immolation
Potions
 e - a potion of berserk rage {unknown}
 g - 5 potions of curing
 h - 4 potions of flight {unknown}
 m - 2 potions of mutation {unknown}
 n - 3 potions of haste {unknown}
 x - a potion of degeneration {unknown}
 z - 3 potions of magic {unknown}
 B - 2 potions of invisibility {unknown}
 E - 2 potions of cancellation {unknown}
 F - a potion of resistance {unknown}
 G - a potion of might
 L - a potion of lignification {unknown}
 P - a potion of brilliance {unknown}
Books
 y - a manual of Short Blades
Comestibles
 d - 9 rations


   Skills:
 + Level 10.4 Fighting
 - Level 10.0 Short Blades
 + Level 4.7 Throwing
 - Level 9.0 Dodging
 - Level 11.0 Stealth
 - Level 4.0 Shields
 - Level 4.7 Spellcasting
 * Level 5.8 Hexes
 - Level 2.3 Summonings
 - Level 2.4 Translocations


You had 15 spell levels left.
You knew the following spells:

 Your Spells              Type           Power        Failure   Level  Hunger
a - Summon Butterflies    Summ           ##......     6%          1    None
b - Apportation           Tloc           ##....       6%          1    None
c - Dazzling Spray        Conj/Hex       ##....       16%         3    ###....

Your spell library contained the following spells:

 Spells                   Type           Power        Failure   Level  Hunger
 Tukima's Dance           Hex            ###.....     4%          3    ###....
 Magic Dart               Conj           #...         17%         1    None
 Sandblast                Erth           #.....       17%         1    None
 Lesser Beckoning         Tloc           ##........   19%         3    ###....
 Passwall                 Tmut/Erth      #.......     26%         2    ##.....
 Searing Ray              Conj           #.....       26%         2    ##.....
 Stone Arrow              Conj/Erth      #.....       45%         3    ###....
 Fulminant Prism          Conj/Hex       ##........   45%         4    ####...
 Force Lance              Conj/Tloc      #.......     71%         4    ####...
 Iskenderun's Mystic Bla  Conj           #.......     86%         4    ####...
 Petrify                  Tmut/Erth      #.......     86%         4    ####...
 Invisibility             Hex            ###.....     93%         6    #######
 Alistair's Intoxication  Tmut/Pois      #.......     99%         5    ######.
 Lee's Rapid Deconstruct  Erth           #.........   99%         5    ######.


Dungeon Overview and Level Annotations

Branches:
Dungeon (13/15)            Temple (0/1) D:5            Lair (0/6) D:8
    Orc (1/2) D:12        Ossuary (visited)          Bailey (visited)
 Vaults: D:13-14

Altars:
Cheibriados
Gozag
Kikubaaqudgha
Okawaru
Qazlal
Sif Muna

Shops:
D:4 (   D:8 (   D:10 [   D:11 *

Annotations:
Orc:1 Jorgrun


Innate Abilities, Weirdness & Mutations

You cannot wear most types of armour.
You are very stealthy in the water. (Stealth+)
You are amphibious.
You can wear up to eight rings at the same time.
You can use your tentacles to constrict eight enemies at once.
Your skin changes colour to match your surroundings (Stealth+).
Your rubbery body absorbs attacks. (AC +1, EV +1)


Message History

The centaur barely misses you. The centaur completely misses you.
You block the centaur's attack.
You hit the centaur. Your squeeze misses the centaur.
The centaur is severely wounded.
The centaur closely misses you.
You impale the centaur!! You burn the centaur.
You kill the centaur!
The centaur hits you.
* * * LOW HITPOINT WARNING * * *
You block the centaur's attack. The centaur hits you!
* * * LOW HITPOINT WARNING * * *
You puncture the centaur!
The centaur is severely wounded.
The centaur becomes distracted by the nearby gold, dreaming of imaginary riches.
You block the centaur's attack. x2
You puncture the centaur!
You kill the centaur!
You block the centaur's attack. The centaur hits you!
You die...
Your body crumbles into a pile of gold.

###########..###########...######
#..# #...#
##########(.###########...######
................................
.......)........................
############..##########........
###########..##########..######
.............cc$(<(............
.............$@$((...(......>..
############.$$###########.....
######(.(######## #..###
......(.(........ ......
....(....................
.......(###########......
........# #..#### c.......# #..#
........# #..#


You could see 2 centaurs.

Vanquished Creatures
  Gastronok (D:9)
  Erica (D:8)
  A two-headed ogre (D:10)
  An unseen horror (D:13)
  A swamp dragon (shapeshifter) (D:10)
  Pikel (D:8)
  4 ugly things
  An elephant (D:8)
  A cyclops (D:12)
  An apocalypse crab (D:12)
  A komodo dragon (D:11)
  A troll (D:10)
  A queen bee (D:9)
  7 slime creatures (D:12)
  Prince Ribbit (D:7)
  Sigmund (D:3)
  A vampire (D:12)
  A shadow (D:12)
  10 yaks
  A basilisk (D:8)
  A steam dragon (D:7)
  2 hungry ghosts (D:8)
  3 slaves (D:8)
  2 ice beasts
  12 orc warriors
  2 sky beasts
  2 necrophages
  4 ogres
  3 phantoms
  13 centaurs
  A crocodile (D:8)
  2 big kobolds
  Blork the orc (D:5)
  7 bullfrogs
  2 elf zombies (D:7)
  A gnoll sergeant (D:8)
  An elf skeleton (D:7)
  4 water moccasin zombies
  A scorpion (D:10)
  18 killer bees
  10 wights
  12 howler monkeys
  4 crimson imps
  2 bullfrog zombies (D:9)
  2 centaur skeletons
  5 centaur zombies
  6 orc priests
  3 hounds
  Crazy Yiuf (D:3)
  A bullfrog skeleton (D:9)
  5 jellies
  8 orc wizards
  An iguana (D:8)
  Ijyb (D:3)
  12 worker ants
  6 big kobold zombies (Ossuary)
  2 mummies (Ossuary)
  A hound skeleton (D:9)
  6 gnolls
  12 adders
  4 shadow imps
  2 oozes
  An adder skeleton (D:4)
  7 adder zombies (Ossuary)
  3 worms (D:2)
  3 leopard geckos
  48 orcs
  2 giant cockroaches
  6 goblins
  5 hobgoblins
  3 jackals (D:2)
  5 quokkas
  6 bats
  3 frilled lizards
  A giant cockroach zombie (D:6)
  2 gnoll zombies (Ossuary)
  5 hobgoblin zombies (Ossuary)
  25 kobolds
  5 kobold zombies (Ossuary)
  2 orc skeletons (D:7)
  2 orc zombies
  3 quokka skeletons
  12 rats
375 creatures vanquished.

Vanquished Creatures (collateral kills)
  A kobold (D:10)
1 creature vanquished.

Vanquished Creatures (others)
  An ogre (D:10)
  An orc (D:12)
  A fungus (D:8)
3 creatures vanquished.

Grand Total: 379 creatures vanquished

Notes
Turn   | Place    | Note
-------+----------+-------------------------------------------
     0 | D:1      | Froggeryz the Octopode Assassin began the quest for the
                  | Orb.
     0 | D:1      | Reached XP level 1. HP: 14/14 MP: 1/1
   198 | D:1      | Reached XP level 2. HP: 19/19 MP: 2/2
   648 | D:2      | Reached XP level 3. HP: 22/24 MP: 3/3
   716 | D:2      | Found a stormy altar of Qazlal.
   957 | D:2      | Found an opulent altar of Gozag.
  1078 | D:2      | Became a worshipper of Gozag Ym Sagoz the Greedy
  1286 | D:2      | Noticed a necrophage
  1298 | D:2      | Killed a necrophage
  1298 | D:2      | Reached XP level 4. HP: 16/28 MP: 4/4
  1298 | D:2      | Reached XP level 5. HP: 19/33 MP: 5/5
  1691 | D:2      | Found an ancient bone altar of Kikubaaqudgha.
  1798 | D:3      | Reached skill level 1 in Shields
  1809 | D:3      | Noticed Ijyb
  1816 | D:3      | Killed Ijyb
  2230 | D:3      | Reached XP level 6. HP: 32/38 MP: 6/6
  2707 | D:3      | Found a runed translucent door.
  2708 | D:3      | Noticed Crazy Yiuf
  3100 | D:3      | Killed Crazy Yiuf
  3100 | D:3      | Reached skill level 5 in Short Blades
  3191 | D:3      | Noticed Sigmund
  3214 | D:3      | Killed Sigmund
  3214 | D:3      | Reached XP level 7. HP: 39/44 MP: 7/7
  3336 | D:4      | Found Ihud's Antique Weapon Shoppe.
  3487 | D:4      | Bought a pitted dagger for 203 gold pieces
  3487 | D:4      | Identified the +7 dagger of Godghaaca {pierce, rF+ MP+9
                  | Int-2} (You bought it in a shop on level 4 of the Dungeon)
  4023 | D:5      | Entered Level 5 of the Dungeon
  4181 | D:5      | Noticed Blork the orc
  4187 | D:5      | Found a shimmering blue altar of Sif Muna.
  4190 | D:5      | Killed Blork the orc
  4190 | D:5      | Reached skill level 6 in Stealth
  4320 | D:5      | Reached XP level 8. HP: 51/51 MP: 8/8
  4349 | D:5      | Found a staircase to the Ecumenical Temple.
  5085 | D:6      | Reached skill level 7 in Stealth
  6179 | D:7      | Reached skill level 8 in Stealth
  6190 | D:7      | Reached XP level 9. HP: 54/58 MP: 9/9
  6242 | D:7      | Found a flagged portal.
  6249 | D:7      | Noticed Prince Ribbit
  6252 | Bailey   | Entered a bailey
  6390 | Bailey   | Found a bloodstained altar of Trog.
  6497 | Bailey   | Reached skill level 5 in Fighting
  6554 | D:7      | Killed Prince Ribbit
  6614 | D:7      | Found a sand-covered staircase.
  6620 | Ossuary  | Entered an ossuary
  6627 | Ossuary  | Reached skill level 9 in Stealth
  7495 | D:7      | Reached skill level 10 in Short Blades
  7563 | D:7      | Reached skill level 1 in Spellcasting
  7563 | D:7      | Reached XP level 10. HP: 61/67 MP: 11/11
  7764 | D:8      | Reached skill level 10 in Stealth
  8049 | D:8      | Noticed Erica
  8058 | D:8      | Killed Erica
  8255 | D:8      | Found a snail-covered altar of Cheibriados.
  8331 | D:8      | Found a snail-covered altar of Cheibriados.
  8427 | D:8      | Identified the +0 leather armour "Coijab" {+Blink rF- MR+
                  | Int+6}
  8494 | D:8      | Noticed an elephant
  8828 | D:8      | HP: 2/70 [elephant (20)]
  9404 | D:8      | Bought an encrusted dagger for 210 gold pieces
  9404 | D:8      | Identified the +6 dagger "Ultimatum" {chaos, rElec rC+ rN+
                  | MP+9} (You bought it in a shop on level 8 of the Dungeon)
  9537 | D:8      | Reached skill level 11 in Stealth
  9773 | D:8      | Found an iron altar of Okawaru.
  9808 | D:8      | Noticed Pikel
  9866 | D:8      | Killed Pikel
 10260 | D:8      | Found a staircase to the Lair.
 10551 | D:8      | Killed an elephant
 10916 | D:9      | Reached XP level 11. HP: 46/75 MP: 18/18
 11195 | D:9      | Reached skill level 5 in Dodging
 12656 | D:9      | Noticed Gastronok
 12669 | D:9      | Killed Gastronok
 12776 | D:10     | Entered Level 10 of the Dungeon
 12826 | D:10     | Found Fipivan's Armour Shoppe.
 12870 | D:10     | Got a transparent golden ring
 12871 | D:10     | Identified the ring "Odulo" {rF+ rN+ Str+4} (You found it
                  | on level 10 of the Dungeon)
 12974 | D:10     | Noticed a two-headed ogre
 12999 | D:10     | Noticed a glowing shapeshifter
 12999 | D:10     | a two-headed ogre changed into a glowing shapeshifter
 12999 | D:10     | Noticed a moth of wrath
 12999 | D:10     | a glowing shapeshifter changed into a moth of wrath
 13003 | D:10     | Noticed a swamp dragon
 13003 | D:10     | a moth of wrath changed into a swamp dragon
 13008 | D:10     | Killed a swamp dragon
 13257 | D:10     | Learned a level 1 spell: Summon Butterflies
 13259 | D:10     | Learned a level 1 spell: Apportation
 13387 | D:10     | Noticed a two-headed ogre
 13434 | D:10     | Killed a two-headed ogre
 13434 | D:10     | Reached skill level 1 in Summonings
 13434 | D:10     | Reached skill level 1 in Translocations
 13862 | D:11     | Noticed a green ugly thing
 13875 | D:11     | Killed a green ugly thing
 13875 | D:11     | Reached XP level 12. HP: 79/86 MP: 19/19
 14227 | D:11     | Bought a bound pewter amulet for 110 gold pieces
 14227 | D:11     | Bought a scroll labeled JIODABE OLO for 22 gold pieces
 14560 | D:12     | Learned a level 3 spell: Dazzling Spray
 14576 | D:12     | Reached skill level 1 in Hexes
 15068 | D:12     | Reached skill level 10 in Fighting
 15407 | D:12     | Found a staircase to the Orcish Mines.
 15654 | Orc:1    | Entered Level 1 of the Orcish Mines
 15654 | Orc:1    | Noticed Jorgrun
 15654 | Orc:1    | Noticed an orc high priest
 15896 | D:13     | Reached skill level 5 in Hexes
 16208 | D:13     | HP: 4/88 [centaur (1)]
 16229 | D:13     | Slain by a centaur

Levels and vault maps discovered:
D:1:      psy_arrival_basics, layout_loops_ring
D:2:      minmay_chambers_of_twos, layout_basic, kiku_gazebo_pond_becter,
          lemuel_doored_altar, lemuel_crystal_altar
D:3:      layout_loops_corners, first_ration, uniq_sigmund,
          uniq_crazy_yiuf_cottage, uniq_ijyb
D:4:      layout_loops_cross, serial_shops, shop, minmay_misc_feat_square
D:5:      layout_loops_ring, tgw_sif, minmay_temple_entry_stoned_glass,
          hex_large, uniq_blork_the_orc
D:6:      layout_loops_ring, minmay_small_thing
D:7:      layout_rooms, enter_bailey_2, nicolae_ossuary_entry_catacombs,
          minmay_manual_monstrance, uniq_prince_ribbit1
D:8:      layout_layer_cave, kennysheep_mini_moat, okawaru_trees_1,
          david_lair_generic, basic_altar, uniq_erica, uniq_pikel
D:9:      layout_long_grid, serial_co_window_serial, co_window_paths_a,
          co_window_of_opportunity_a, co_window_paths_b, co_window_corner_a,
          co_window_paths_b, co_window_cross_2, co_window_corner_cb,
          co_window_cross_2, co_window_broadway_a, co_window_cross_3,
          glass_columns_a, glass_columns_b, glass_columns_b, david_nohive_1,
          uniq_gastronok
D:10:     layout_roguey, serial_shops, nicolae_shop_crystal, dk_noncrumbling_2
D:11:     layout_irregular_city
D:12:     layout_rooms, david_orc_3, wad_dig_loot
D:13:     layout_long_grid, grunt_vaults_entry_fortified, enter_trove_2,
          kb_rosetta
Orc:1:    layout_caves, uniq_jorgrun

Skill      XL: |  1  2  3  4  5  6  7  8  9 10 11 12 |
---------------+-------------------------------------+-----
Short Blades   | 3 4 5 6 8 10 | 10.0
Throwing       | 3 4 |  4.7
Shields        | 2 3 4 |  4.0
Stealth        | 6 8 9 11 | 11.0
Fighting       | 3 4 6 7 9 10 | 10.4
Spellcasting   | 1 4 |  4.7
Dodging        | 4 8 9 |  9.0
Summonings     | 1 2 |  2.3
Translocations | 2 |  2.4
Hexes          | 5 |  5.8

Action                   |  1- 3 |  4- 6 |  7- 9 | 10-12 || total
-------------------------+-------+-------+-------+-------++-------
Melee: Dagger            |    63 |    55 |   256 |   691 ||  1065
       Constrict         |     9 |    10 |    55 |    80 ||   154
       Tentacles         |     8 |     8 |    51 |   165 ||   232
Throw: Dart              |       |    11 |    34 |    47 ||    92
       Boomerang         |       |       |       |    27 ||    27
Invok: Call Merchant     |       |       |       |     2 ||     2
       Potion Petition   |       |       |       |     3 ||     3
Evoke: Wand              |       |     6 |       |     7 ||    13
  Use: Scroll            |       |       |     4 |    15 ||    19
       Potion            |       |       |       |     4 ||     4
 Stab: Sleeping          |    15 |    12 |    38 |    30 ||    95
       Distracted        |       |       |       |     7 ||     7
       Confused          |       |       |       |     7 ||     7
       Paralysed         |       |       |       |     3 ||     3
  Eat: Ration            |       |     2 |     4 |     9 ||    15
Armor: Skin              |     2 |     2 |     1 |    18 ||    23
Dodge: Dodged            |    25 |    15 |    74 |   299 ||   413
Block: Buckler           |       |       |    28 |   111 ||   139
